 Dungeon Crawl Stone Soup version 0.28-a0-1033-g1a2f33fa85 (webtiles) character file.

Game seed: 18056769337338194465

7747 siradein the Fighter (level 11, -2/119 HPs)
             Began as an Ogre Fighter on Dec 8, 2021.
             Was a Believer of Yredelemnul.
             Killed from afar by an electric eel (11 damage)
             ... with a bolt of electricity
             ... in a bailey.
             The game lasted 00:31:37 (16049 turns).

siradein the Fighter (Ogre Fighter)                Turns: 16049, Time: 00:31:37

Health: -2/119     AC:  8    Str: 28    XL:     11   Next: 20%
Magic:  14/14      EV: 12    Int: 13    God:    Yredelemnul [**....]
Gold:   351        SH: 10    Dex: 16    Spells: 10/10 levels left

rFire   + . .      SeeInvis .   o - +8 trident of Tortfeasance {freeze, Will+ Str+2 Int+4 Dex+4 Stlth-}
rCold   + . .      Faith    .   c - +0 kite shield
rNeg    . . .      Spirit   .   b - +0 acid dragon scales
rPois   .          Reflect  .   (helmet restricted)
rElec   .          Harm     .   (no cloak)
rCorr   +          Rampage  .   (gloves unavailable)
Will    ++...                   (boots unavailable)
Stlth   +.........              (no amulet)
HPRegen 0.29/turn               v - ring of protection from cold
MPRegen 0.14/turn               (no ring)

@: no status effects
A: large, unfitting armour, tough skin 1, thin skeletal structure 1, fire
resistance 1, strong 1
a: Renounce Religion, Animate Remains, Recall Undead Slaves, Injury Mirror


You were in a bailey.
You worshipped Yredelemnul.
Yredelemnul was pleased with you.
You visited 2 branches of the dungeon, and saw 10 of its levels.
You also visited: Ossuary and Bailey.

You collected 396 gold pieces.
You spent 45 gold pieces at shops.

Inventory:

Hand Weapons
 a - a +6 flail
 o - the +8 trident of Tortfeasance (weapon) {freeze, Will+ Str+2 Int+4 Dex+4 Stlth-}
   (You found it in a bailey)

   It freezes those it strikes, dealing additional cold damage.
   It can also slow down cold-blooded creatures.
   Str:       It affects your strength (+2).
   Int:       It affects your intelligence (+4).
   Dex:       It affects your dexterity (+4).
   Will:      It increases your willpower.
   Stlth:     It makes you less stealthy.
 u - the +5 hunting sling of Ashenzari's Delight {freeze, rPois rF+ rC-}
   (You found it in a bailey)

   Any ammunition fired from it freezes those it strikes, dealing additional
   cold damage.
   It can also slow down cold-blooded creatures.
   rF:        It protects you from fire.
   rC:        It makes you vulnerable to cold.
   rPois:     It protects you from poison.
 y - a +2 flail of protection
 G - the +4 quarterstaff of Uskayaw's Envy {vorpal, rF+ Dex+3 SInv}
   (You found it in a bailey)

   It inflicts extra damage upon your enemies.
   Dex:       It affects your dexterity (+3).
   rF:        It protects you from fire.
   SInv:      It lets you see invisible.
Missiles
 h - 3 javelins
 j - 59 poisoned darts
 l - 21 boomerangs
 p - 4 large rocks
 s - a throwing net
Armour
 b - +0 acid dragon scales (worn)
 c - a +0 kite shield (worn)
Jewellery
 v - a ring of protection from cold (left hand)
 x - a ring of ice
Wands
 C - a wand of flame (26)
Scrolls
 e - 2 scrolls of blinking
 f - 4 scrolls of fear
 g - 2 scrolls of enchant weapon
 m - 7 scrolls of teleportation
 n - a scroll of immolation {unknown}
 t - 2 scrolls of brand weapon
 z - 3 scrolls of fog
 F - 2 scrolls of identify
Potions
 d - a potion of might
 i - 2 potions of cancellation
 k - 3 potions of attraction
 q - 6 potions of curing
 r - 2 potions of mutation
 w - 2 potions of berserk rage
 A - 2 potions of lignification
 B - a potion of degeneration {unknown}
 D - a potion of invisibility {unknown}
 E - a potion of ambrosia {unknown}


   Skills:
 + Level 10.4 Fighting
 + Level 6.8 Maces & Flails
 + Level 5.9 Throwing
 + Level 3.7 Armour
 + Level 7.2 Dodging
 + Level 7.1 Shields
 + Level 4.8 Invocations


You had 10 spell levels left.
You didn't know any spells.
Your spell library contained the following spells:

 Spells                   Type           Power      Damage    Failure   Level
 Sublimation of Blood     Necr           0%         N/A       63%         2
 Tukima's Dance           Hex            0%         N/A       86%         3
 Passage of Golubria      Tloc           0%         N/A       99%         4
 Petrify                  Tmut/Erth      0%         N/A       99%         4
 Irradiate                Conj/Tmut      0%         3d14      100%        5
 Yara's Violent Unravell  Hex/Tmut       0%         3d3       100%        5


Dungeon Overview and Level Annotations

Branches:
Dungeon (9/15)             Temple (1/1) D:7         Ossuary (visited)
 Bailey (1/1)
   Lair: D:8-11         Orc: D:9-12

Altars:
Dithmenos
Fedhas
Gozag
Hepliaklqana
Makhleb
Nemelex Xobeh
Qazlal
Trog
Vehumet
Wu Jian
Xom
Yredelemnul
Zin
The Shining One

Shops:
D:3 !   D:6 ![(

Annotations:
D:4 1 runed translucent door, ytrimaz's ghost, amateur DsFi
D:5 1 runed translucent door, Crazy Yiuf
D:8 3 runed translucent doors, Maimakterion's ghost, novice GnFi; ThanksArdit's ghost, novice MiGl


Innate Abilities, Weirdness & Mutations

You are too large for most types of armour.
You have tough skin. (AC +1)
You have a somewhat thin skeletal structure. (Dex +2, Stealth+)
Your flesh is heat resistant. (rF+)
Your muscles are strong. (Str +2)


Message History

* * * LOW HITPOINT WARNING * * *
You hit the orc warrior. You freeze the orc warrior.
The orc warrior is severely wounded.
You block the orc warrior's attack. The orc warrior barely misses you.
You block the orc warrior's attack.
You impale the orc warrior!! You freeze the orc warrior.
You kill the orc warrior!
Yredelemnul accepts your kill. You block the orc warrior's attack.
You hit the orc warrior. You freeze the orc warrior.
The orc warrior is lightly wounded.
You block the orc warrior's attack.
Your hobgoblin skeleton splashes around in the water.
You miss the orc warrior.
The orc warrior is lightly wounded.
You block the orc warrior's attack.
Your hobgoblin skeleton barely misses the electric eel.
The orc warrior hits you with a +0 hand axe.
* * * LOW HITPOINT WARNING * * *
You puncture the orc warrior! You freeze the orc warrior.
The orc warrior is severely wounded.
Your hobgoblin skeleton barely misses something.
Your hobgoblin skeleton closely misses the electric eel.
The orc warrior hits you with a +0 hand axe!
* * * LOW HITPOINT WARNING * * *
You puncture the orc warrior! You freeze the orc warrior.
You kill the orc warrior!
Yredelemnul accepts your kill.
Your hobgoblin skeleton barely misses something.
Your hobgoblin skeleton hits the electric eel with a +0 hand axe.
The electric eel shoots out a bolt of lightning at you!
The bolt of electricity hits you.
* * * LOW HITPOINT WARNING * * *
Your hobgoblin skeleton completely misses the electric eel.
Things that are here:
a +0 war axe; a +0 scale mail; an orc corpse The electric eel shoots out a bolt of lightning at you!
The bolt of electricity hits you!
You die...
Your body rises from the dead as a mindless zombie.

.⌠..##.._.#..ZZ...#∩≈≈≈≈≈
....##....#'##.##'#.≈≈≈≈≈
....##....#..#^#..#.≈≈≈≈≈
'#####.)).#..#.#ZZ#.≈≈≈≈≈
.....#)...#..#.#)Z#.≈≈≈≈≈
.....#..ZZ#..#.#..#.≈≈≈≈≈
##....Z.Z#####'######≈≈≈≈
#.8.8Z8ZZ.....#....#≈≈≈≈
#.......#.....#@...# ≈≈≈
#######'#######))#+# ≈≈
+........Z.)..'..#
#≈≈≈≈≈≈≈≈≈))ZS####
≈≈≈≈≈≈≈≈≈≈≈≈≈S≈≈≈≈≈≈≈
≈≈≈≈≈≈≈≈≈≈≈≈≈≈≈≈≈≈≈≈≈
≈≈≈≈≈≈≈≈≈≈≈≈≈≈≈≈≈≈≈≈≈
≈≈≈≈≈≈≈≈≈≈≈≈≈≈≈≈≈S≈≈≈
≈≈≈≈≈≈≈≈≈≈≈≈≈≈≈≈≈≈≈≈≈


You could see 2 electric eels.

Vanquished Creatures
  A centaur warrior (D:8)
  A two-headed ogre (D:8)
  Pikel (D:8)
  An orc knight (Bailey)
  Maggie (D:9)
  2 kobold demonologists (Bailey)
  Sigmund (D:2)
  A vampire (D:7)
  Menkaure (D:7)
  A water moccasin (D:8)
  An acid dragon (D:6)
  3 necrophages
  2 ice beasts
  12 orc warriors
  A black bear (D:5)
  3 ogres
  3 centaurs
  A bullfrog (D:7)
  A scorpion (D:5)
  3 gnoll sergeants
  8 water moccasin zombies (Ossuary)
  A water moccasin skeleton (D:5)
  3 killer bees (D:9)
  2 howler monkeys
  2 wights (D:8)
  An electric eel (Bailey)
  A hound (D:7)
  2 orc priests (D:9)
  2 jellies
  2 bullfrog skeletons (D:5)
  4 iguanas
  7 orc wizards
  2 killer bee zombies
  A hound skeleton (D:5)
  2 mummies (Ossuary)
  A howler monkey zombie (D:7)
  17 gnolls
  A howler monkey skeleton (D:6)
  6 adders
  2 ufetubi
  5 adder zombies
  4 worms
  2 dart slugs (D:3)
  31 orcs
  4 ball pythons
  3 endoplasms
  A giant cockroach (D:3)
  4 gnoll zombies (Ossuary)
  15 goblins
  10 hobgoblins
  2 jackals (D:2)
  A quokka (D:2)
  5 bats
  6 frilled lizards
  6 hobgoblin zombies (Ossuary)
  5 kobolds
  3 kobold zombies (Ossuary)
  5 orc zombies (Ossuary)
  4 rats
224 creatures vanquished.

Vanquished Creatures (collateral kills)
  2 wights (D:8)
  An orc (Bailey)
  A goblin (D:9)
4 creatures vanquished.

Vanquished Creatures (others)
  A centaur zombie (D:9)
  A water moccasin zombie (D:8)
  A gnoll skeleton (Bailey)
  4 gnoll zombies
  A goblin skeleton (Bailey)
  A hobgoblin skeleton (Bailey)
  A kobold skeleton (Bailey)
  2 orc skeletons (Bailey)
  3 orc zombies
  2 fungi (D:5)
  2 withered plants (D:4)
19 creatures vanquished.

Grand Total: 247 creatures vanquished

Notes
Turn   | Place    | Note
-------+----------+-------------------------------------------
     0 | D:1      | siradein the Ogre Fighter began the quest for the Orb.
     0 | D:1      | Reached XP level 1. HP: 24/24 MP: 1/1
   335 | D:1      | Reached XP level 2. HP: 32/32 MP: 2/2
  1545 | D:2      | Reached XP level 3. HP: 33/40 MP: 3/3
  1856 | D:2      | Reached XP level 4. HP: 30/49 MP: 4/4
  2509 | D:2      | Noticed Sigmund
  2520 | D:2      | Killed Sigmund
  2521 | D:2      | Reached skill level 5 in Fighting
  2521 | D:2      | Reached XP level 5. HP: 36/57 MP: 5/5
  2521 | D:2      | Reached XP level 6. HP: 41/66 MP: 6/6
  4204 | D:3      | Found Enais's Distillery.
  4516 | D:3      | Reached skill level 6 in Fighting
  4516 | D:3      | Reached XP level 7. HP: 52/75 MP: 7/7
  4912 | D:3      | You fall into a shaft and drop 2 floors!
  4912 | D:5      | Entered Level 5 of the Dungeon
  6375 | D:4      | Found a sparkling altar of Nemelex Xobeh.
  6738 | D:4      | Found a runed translucent door.
  6738 | D:4      | Noticed ytrimaz's ghost (amateur DsFi)
  7175 | D:5      | Reached skill level 7 in Fighting
  7175 | D:5      | Reached skill level 1 in Throwing
  7175 | D:5      | Reached XP level 8. HP: 43/87 MP: 8/8
  8037 | D:5      | Reached skill level 5 in Dodging
  8256 | D:5      | Found a stormy altar of Qazlal.
  8261 | D:5      | Found a blossoming altar of Fedhas.
  8280 | D:5      | Found an opulent altar of Gozag.
  8293 | D:5      | Reached skill level 5 in Shields
  8782 | D:5      | Found a runed translucent door.
  8783 | D:5      | Noticed Crazy Yiuf
  9489 | D:6      | Reached skill level 5 in Maces & Flails
  9561 | D:6      | Reached skill level 8 in Fighting
  9594 | D:6      | Reached XP level 9. HP: 71/96 MP: 9/9
  9749 | D:6      | Found Cuwuh's Distillery.
  9765 | D:6      | Bought a potion of curing for 45 gold pieces
  9880 | D:6      | Found a glowing silver altar of Zin.
  9880 | D:6      | Found an ornate altar of the Wu Jian Council.
 10127 | D:6      | Found Lyhesch's Antique Weapon Emporium.
 10159 | D:6      | Found Linacouk's Antique Armour Boutique.
 10524 | D:7      | Found a hazy altar of Hepliaklqana.
 10547 | D:7      | Found a faded altar of an unknown god.
 10576 | D:7      | Found a staircase to the Ecumenical Temple.
 10591 | Temple   | Entered the Ecumenical Temple
 10712 | Temple   | Became a worshipper of Yredelemnul the Dark
 10752 | D:7      | Noticed Menkaure
 10761 | D:7      | Killed Menkaure
 10844 | D:7      | Found a sand-covered staircase.
 10854 | Ossuary  | Entered an ossuary
 11161 | Ossuary  | Reached skill level 1 in Armour
 11161 | Ossuary  | Reached skill level 1 in Invocations
 11237 | Ossuary  | Reached * piety under Yredelemnul
 12376 | D:8      | Reached skill level 9 in Fighting
 12376 | D:8      | Noticed Pikel
 12389 | D:8      | Killed Pikel
 12390 | D:8      | Reached XP level 10. HP: 72/107 MP: 9/12
 12589 | D:8      | Noticed a centaur warrior
 12603 | D:8      | Killed a centaur warrior
 13454 | D:8      | Noticed a two-headed ogre
 13463 | D:8      | Killed a two-headed ogre
 13464 | D:8      | Reached skill level 5 in Throwing
 13659 | D:8      | Reached ** piety under Yredelemnul
 13884 | D:8      | Found a runed translucent gate.
 13885 | D:8      | Found a runed translucent gate.
 13886 | D:8      | Found a runed translucent gate.
 13887 | D:8      | Noticed Maimakterion's ghost (novice GnFi)
 13887 | D:8      | Noticed ThanksArdit's ghost (novice MiGl)
 14080 | D:9      | Found a radiant altar of Vehumet.
 14162 | D:9      | HP: 8/162 [orc priest/divine providence (13)]
 14395 | D:9      | Found a flagged portal.
 14415 | D:9      | Noticed Maggie
 14431 | D:9      | Gained mutation: Your flesh is heat resistant. (rF+)
                  | [potion of mutation]
 14431 | D:9      | Gained mutation: You have a somewhat thin skeletal
                  | structure. (Dex +2, Stealth+) [potion of mutation]
 14431 | D:9      | Gained mutation: Your muscles are strong. (Str +2) [potion
                  | of mutation]
 14438 | D:9      | Killed Maggie
 14439 | D:9      | Reached skill level 10 in Fighting
 14480 | Bailey   | Entered a bailey
 14977 | Bailey   | Noticed a kobold demonologist
 14989 | Bailey   | Noticed a kobold demonologist
 14990 | Bailey   | Killed a kobold demonologist
 14998 | Bailey   | Killed a kobold demonologist
 14999 | Bailey   | Reached XP level 11. HP: 24/117 MP: 14/14
 15342 | Bailey   | Found an iron altar of Okawaru.
 15342 | Bailey   | Noticed an orc knight
 15359 | Bailey   | Killed an orc knight
 15415 | Bailey   | HP: 3/118 [orc warrior (15)]
 15897 | Bailey   | Identified the +1 leather armour "Xohud" {Stlth+}
 15909 | Bailey   | Identified the +5 hunting sling of Ashenzari's Delight
                  | {freeze, rPois rF+ rC-}
 15910 | Bailey   | Identified the +8 trident of Tortfeasance {freeze, Will+
                  | Str+2 Int+4 Dex+4 Stlth-}
 15914 | Bailey   | Identified the +4 quarterstaff of Uskayaw's Envy {vorpal,
                  | rF+ Dex+3 SInv}
 16049 | Bailey   | Killed from afar by an electric eel

Illustrated notes

Levels and vault maps discovered:
D:1:      onia_arrival_mini_maze_b, layout_basic, hangedman_decor_riveting
D:2:      layout_basic, hex_large, uniq_sigmund
D:3:      layout_basic, serial_shops, nicolae_shop_advertising_works
          [nicolae_subvault_shop_adworks]
D:4:      layout_basic, mainiacjoe_overflow_chevrons, gammafunk_ghost_grave
D:5:      layout_cave_pods, grunt_temple_overflow_forces_of_nature,
          nicolae_gozag_seed_capital, uniq_crazy_yiuf_cottage
D:6:      layout_basic, gammafunk_temple_overflow_statue, serial_shops,
          nicolae_lakefront_shop, shop_fountains, nicolae_inconvenience_store
D:7:      layout_rooms, beargit_hepliaklqana_dungeon_heroes,
          minmay_temple_entry_statues_pillars, chequers_ossuary_entry_cave,
          uniq_menkaure
D:8:      layout_cave_pods, gammafunk_ghost_cemetery, uniq_pikel
D:9:      layout_roguey, nicolae_vehumet_radiance, enter_bailey_5, uniq_maggie
Temple:   minmay_temple_curvy_loop
Bailey:   bailey_axe_of_yendor_kennysheep, bailey

Skill      XL: |  1  2  3  4  5  6  7  8  9 10 |
---------------+-------------------------------+-----
Maces & Flails | 2 3 4 5 6 |  6.8
Shields        | 3 4 5 6 7 |  7.1
Dodging        | 3 4 5 6 7 |  7.2
Fighting       | 5 6 7 8 9 10 | 10.4
Throwing       | 1 3 4 5 |  5.9
Armour         | 2 3 |  3.7
Invocations    | 2 4 |  4.8

Action                   |  1- 3 |  4- 6 |  7- 9 | 10-12 || total
-------------------------+-------+-------+-------+-------++-------
Melee: Flail             |    92 |   109 |   353 |   222 ||   776
       Long sword        |       |       |    53 |       ||    53
       Trident           |       |       |       |    23 ||    23
Throw: Dart              |       |     8 |    25 |       ||    33
Invok: Animate Remains   |       |       |     2 |    21 ||    23
       Injury Mirror     |       |       |       |     3 ||     3
  Use: Scroll            |       |       |     9 |     2 ||    11
       Potion            |       |       |       |     8 ||     8
 Stab: Distracted        |       |       |       |     1 ||     1
Armor: Robe              |    29 |    24 |    50 |       ||   103
       Acid dragon scale |       |       |    66 |    52 ||   118
       Skin              |       |       |       |     2 ||     2
Dodge: Dodged            |    32 |    56 |   213 |   100 ||   401
Block: Kite shield       |    53 |    38 |   218 |   125 ||   434

Table legend: (Time is in decaauts)
 A = Elapsed time spent in this place.
 B = Non-inter-level travel time spent in this place.
 C = Inter-level travel time spent in this place.
 D = Time resting spent in this place.
 E = Time spent auto-exploring this place.
 F = Levels seen in this place.
 G = Mean time per level.
                   A        B        C        D        E       F      G
               +--------+--------+--------+--------+--------+-----+--------+
         Total |  16332 |  15971 |    361 |   2315 |  10382 |  12 | 1361.0 |
       Dungeon |  13665 |  13304 |    361 |   1559 |   9080 |   9 | 1518.3 |
        Temple |    159 |    159 |      0 |      0 |    110 |   1 |  159.0 |
       Ossuary |    916 |    916 |      0 |    157 |    575 |   1 |  916.0 |
        Bailey |   1591 |   1591 |      0 |    599 |    617 |   1 | 1591.0 |
               +--------+--------+--------+--------+--------+-----+--------+

Top non-repeatable levels by time:
     D:3: 2870 daAuts
     D:5: 2093 daAuts
     D:2: 1841 daAuts
     D:8: 1694 daAuts
     D:6: 1603 daAuts
  Bailey: 1591 daAuts
     D:1: 1509 daAuts
     D:4: 1065 daAuts
 Ossuary: 916 daAuts
     D:7: 529 daAuts
     D:9: 458 daAuts
  Temple: 159 daAuts
